 Dungeon Sprint DCSS version 0.31-a0-187-gba352fbbf7 (webtiles) character file.

Game seed: 12208661139521945863

1963 rocky1 the Covert (level 9, -9/76 HPs)
             Began as a Gnoll Brigand on June 23, 2023.
             Was an Initiate of Gozag.
             Killed by divine providence
             ... invoked by an orc priest
              (13 damage)
             ... in the Dungeon (Sprint III: "The Ten Rune Challenge").
             The game lasted 00:06:32 (2316 turns).

rocky1 the Covert (Gnoll Brigand)                   Turns: 2316, Time: 00:06:32

Health: -9/76      AC:  4    Str: 10    XL:     9   Next: 19%
Magic:  20/20      EV: 16    Int: 12    God:    Gozag
Gold:   257        SH:  0    Dex: 17    Spells: 19/23 levels left

rFire   . . .        j - +0 long sword (holy)
rCold   . . .        (no shield)
rNeg    . . .        b - +0 robe
rPois   .            (no helmet)
rElec   .            c - +0 cloak
rCorr   .            (no gloves)
SInv    .            (no boots)
Will    .....        (no amulet)
Stlth   ++           (no ring)
HPRegen 0.32/turn    (no ring)
MPRegen 0.17/turn

%: no teleportation
@: confused, mighty, brilliant, gold aura, hasted, very quick
A: fangs 1, strong nose, distributed training
a: Renounce Religion, Potion Petition, Call Merchant, Bribe Branch


You were in the Dungeon.
You worshipped Gozag.
Gozag was aware of your devotion.
You visited 1 branch You collected 649 gold pieces.
You paid 392 gold pieces to Gozag.

Inventory:

Hand Weapons
 a - a +2 dagger
 j - a +0 long sword of holy wrath (weapon)
Missiles
 d - 9 poisoned darts
 e - a curare-tipped dart (quivered)
Armour
 b - a +0 robe (worn)
 c - a +0 cloak (worn)
Wands
 g - a wand of mindburst (12)
Scrolls
 k - a scroll of blinking
 l - 2 scrolls of poison {unknown}
 m - 4 scrolls of identify
 o - a scroll of torment {unknown}
Potions
 i - 2 potions of magic
 n - 3 potions of enlightenment
 p - 5 potions of mutation
Miscellaneous
 h - a phial of floods


   Skills:
 + Level 9.0 Fighting
 + Level 9.0 Short Blades
 + Level 7.6 Long Blades
 + Level 7.6 Axes
 + Level 7.6 Maces & Flails
 + Level 7.6 Polearms
 + Level 7.6 Staves
 + Level 7.6 Ranged Weapons
 + Level 9.0 Throwing
 + Level 7.6 Armour
 + Level 8.1 Dodging
 + Level 10.9 Stealth
 + Level 7.6 Shields
 + Level 7.6 Unarmed Combat
 + Level 7.6 Spellcasting
 + Level 6.3 Conjurations
 + Level 6.3 Hexes
 + Level 6.3 Summonings
 + Level 6.3 Necromancy
 + Level 6.3 Translocations
 + Level 6.3 Transmutations
 + Level 6.3 Fire Magic
 + Level 6.3 Ice Magic
 + Level 6.3 Air Magic
 + Level 6.3 Earth Magic
 + Level 6.3 Poison Magic
 + Level 8.3 Invocations
 + Level 7.6 Evocations


You had 19 spell levels left.
You knew the following spells:

 Your Spells              Type           Power      Damage    Failure   Level
a - Ice Form              Ice/Tmut       29%        N/A       11%         4

Your spell library contained the following spells:

 Spells                   Type           Power      Damage    Failure   Level
 Cigotuvi's Dreadful Rot  Necr/Pois/Air  58%        N/A       1%          2
 Hailstorm                Conj/Ice       29%        3d8       3%          3
 Dispel Undead            Necr           29%        3d13      11%         4
 Death Channel            Necr           14%        N/A       86%         6
 Simulacrum               Ice/Necr       Unusable   N/A       N/A         6

Dungeon Overview and Level Annotations

Branches:
Dungeon (1/1)

Altars:
Cheibriados
Dithmenos
Elyvilon
Fedhas
Gozag
Hepliaklqana
Kikubaaqudgha
Makhleb
Nemelex Xobeh
Okawaru
Qazlal
Ru
Sif Muna
Trog
Uskayaw
Vehumet
Wu Jian
Xom
Yredelemnul
Zin
The Shining One
Jiyva
Lugonu


Innate Abilities, Weirdness & Mutations

You have very sharp teeth.
Your uncanny sense of smell can sniff out nearby items.
Your experience applies equally to all skills.


Message History

[c] - 660 gold - resistance, enlightenment, lignification and might Purchase which effect?
You don't have enough gold for that! [a] - 392 gold - haste and brilliance [b] - 768 gold - resistance, might, haste, heal wounds and curing [c] - 660 gold - resistance, enlightenment, lignification and might Purchase which effect?
You no longer have enough gold to petition Gozag for potion effects.
You feel yourself speed up.
You feel clever all of a sudden.
An orc comes into view. It is wielding a +0 short sword.
Something hits you but does no damage.
Deactivating autopickup; reactivate with Ctrl-A.
The orc warrior hits you from afar with a +0 trident!
The orc priest invokes the aid of Beogh against you.
Beogh smites you!
* * * LOW HITPOINT WARNING * * *
The orc shouts!
Unknown command.
Okay, then.
You feel very mighty all of a sudden.
The orc is distracted by your dazzling golden aura.
You hear some strange, mumbled words.
You are confused.
The orc warrior hits you from afar with a +0 trident!
* * * LOW HITPOINT WARNING * * *
The orc wizard casts a spell.
The orc wizard flickers and vanishes!
Unknown command.
Okay, then.
Okay, then.
You bump into the rock wall.
The orc is no longer distracted by gold.
The orc warrior is distracted by your dazzling golden aura.
You hear some strange, mumbled words.
You are more confused.
The orc priest mumbles some strange prayers to Beogh against you.
Beogh smites you!
You die...
Your body crumbles into a pile of gold.

▓▓▓ ##.##############
$### $
##..#___#___#__#$##$#$
.#..#...#__)#._#$...o
.#..###'#'###'##{ooo
$$ '#..#..........#ooo
$ #...'.⌠........#oo $
$ $ #...#...######'#{#
$ $
....#.⌠.#__#...#@#####
....#...#__#...#§.§§~+
....#'###__#...#.#~§~#
....#)).#__#...'.#§§.#
....#___#__'...#.#.§§#
▓▓▓▓▓▓▓▓▓▓▓▓▓▓▓▓▓▓▓▓▓▓


You could see 2 orc warriors, an orc priest, an orc wizard and 5 orcs.

Vanquished Creatures
  Snorg (D)
  A deep elf pyromancer (D)
  A shadow (D)
  A spatial vortex (D)
  A necrophage (D)
  A water elemental (D)
  A scorpion (D)
  A jelly (D)
  Jessica (D)
  2 orc wizards (D)
  A necromancer (D)
  A kobold demonologist (D)
  3 humans (D)
  An orc (D)
  3 rats (D)
20 creatures vanquished.

Vanquished Creatures (others)
  A wizard (D)
1 creature vanquished.

Grand Total: 21 creatures vanquished

Notes
Turn   | Place    | Note
-------+----------+-------------------------------------------
     0 | D        | rocky1 the Gnoll Brigand began the quest for the Orb.
     0 | D        | Reached XP level 1. HP: 20/20 MP: 1/1
    24 | D        | Noticed Jessica
    29 | D        | Killed Jessica
    30 | D        | Reached skill level 1 in Long Blades
    30 | D        | Reached skill level 1 in Axes
    30 | D        | Reached skill level 1 in Maces & Flails
    30 | D        | Reached skill level 1 in Polearms
    30 | D        | Reached skill level 1 in Staves
    30 | D        | Reached skill level 1 in Ranged Weapons
    30 | D        | Reached skill level 1 in Armour
    30 | D        | Reached skill level 8 in Stealth
    30 | D        | Reached skill level 1 in Shields
    30 | D        | Reached skill level 1 in Unarmed Combat
    30 | D        | Reached skill level 1 in Spellcasting
    30 | D        | Reached skill level 1 in Conjurations
    30 | D        | Reached skill level 1 in Hexes
    30 | D        | Reached skill level 1 in Summonings
    30 | D        | Reached skill level 1 in Necromancy
    30 | D        | Reached skill level 1 in Translocations
    30 | D        | Reached skill level 1 in Transmutations
    30 | D        | Reached skill level 1 in Fire Magic
    30 | D        | Reached skill level 1 in Ice Magic
    30 | D        | Reached skill level 1 in Air Magic
    30 | D        | Reached skill level 1 in Earth Magic
    30 | D        | Reached skill level 1 in Poison Magic
    30 | D        | Reached skill level 1 in Evocations
    30 | D        | Reached XP level 2. HP: 26/26 MP: 1/4
    30 | D        | Reached XP level 3. HP: 32/32 MP: 1/5
   114 | D        | Reached skill level 5 in Fighting
   114 | D        | Reached skill level 5 in Short Blades
   114 | D        | Reached skill level 5 in Throwing
   125 | D        | Noticed a scorpion
   130 | D        | Killed a scorpion
   131 | D        | Reached XP level 4. HP: 29/39 MP: 6/8
   179 | D        | Noticed a water elemental
   188 | D        | Killed a water elemental
   189 | D        | Reached XP level 5. HP: 26/46 MP: 8/10
   609 | D        | Found a glowing silver altar of Zin.
   609 | D        | Found a glowing golden altar of the Shining One.
   609 | D        | Found a white marble altar of Elyvilon.
   609 | D        | Noticed a deep elf pyromancer
   612 | D        | Killed a deep elf pyromancer
   613 | D        | Reached skill level 5 in Long Blades
   613 | D        | Reached skill level 5 in Axes
   613 | D        | Reached skill level 5 in Maces & Flails
   613 | D        | Reached skill level 5 in Polearms
   613 | D        | Reached skill level 5 in Staves
   613 | D        | Reached skill level 5 in Ranged Weapons
   613 | D        | Reached skill level 5 in Armour
   613 | D        | Reached skill level 9 in Stealth
   613 | D        | Reached skill level 5 in Shields
   613 | D        | Reached skill level 5 in Unarmed Combat
   613 | D        | Reached skill level 5 in Spellcasting
   613 | D        | Reached skill level 5 in Evocations
   613 | D        | Reached XP level 6. HP: 55/55 MP: 10/14
   613 | D        | Reached XP level 7. HP: 60/60 MP: 10/15
   656 | D        | Noticed a shadow
   663 | D        | Killed a shadow
   664 | D        | Reached skill level 10 in Stealth
   664 | D        | Reached skill level 5 in Conjurations
   664 | D        | Reached skill level 5 in Hexes
   664 | D        | Reached skill level 5 in Summonings
   664 | D        | Reached skill level 5 in Necromancy
   664 | D        | Reached skill level 5 in Translocations
   664 | D        | Reached skill level 5 in Transmutations
   664 | D        | Reached skill level 5 in Fire Magic
   664 | D        | Reached skill level 5 in Ice Magic
   664 | D        | Reached skill level 5 in Air Magic
   664 | D        | Reached skill level 5 in Earth Magic
   664 | D        | Reached skill level 5 in Poison Magic
   945 | D        | Found a blossoming altar of Fedhas.
   945 | D        | Found a stormy altar of Qazlal.
   945 | D        | Found a snail-covered altar of Cheibriados.
   945 | D        | Found a burning altar of Makhleb.
   945 | D        | Found a shimmering altar of Xom.
   946 | D        | Found a hazy altar of Hepliaklqana.
   946 | D        | Found an opulent altar of Gozag.
   946 | D        | Found a sparkling altar of Nemelex Xobeh.
   946 | D        | Found a corrupted altar of Lugonu.
   946 | D        | Found a viscous altar of Jiyva.
   946 | D        | Noticed a spatial vortex
   950 | D        | Became a worshipper of Gozag Ym Sagoz the Greedy
  1159 | D        | HP: 2/61 [spatial vortex (14)]
  1506 | D        | Found a basalt altar of Yredelemnul.
  1506 | D        | Found a shadowy altar of Dithmenos.
  1506 | D        | Found a sacrificial altar of Ru.
  1510 | D        | Reached XP level 8. HP: 68/68 MP: 17/17
  1622 | D        | Found a hide-covered altar of Uskayaw.
  1622 | D        | Found an iron altar of Okawaru.
  1622 | D        | Found a bloodstained altar of Trog.
  1622 | D        | Found an ornate altar of the Wu Jian Council.
  1648 | D        | Found a radiant altar of Vehumet.
  1648 | D        | Found a shimmering blue altar of Sif Muna.
  1648 | D        | Found an ancient bone altar of Kikubaaqudgha.
  1656 | D        | Noticed a ynoxinul
  1884 | D        | Learned a level 4 spell: Ice Form
  2004 | D        | Noticed Snorg
  2019 | D        | Killed Snorg
  2020 | D        | Reached XP level 9. HP: 75/75 MP: 18/20
  2316 | D        | Killed from afar by an orc priest

Illustrated notes

Levels and vault maps discovered:
D:        dungeon_sprint_mu [sprint_mu_entry_cave, sprint_mu_temple_rooms,
          sprint_mu_d1_horrors, sprint_mu_d2_genie, sprint_mu_d3_branching,
          sprint_mu_orc_legion, sprint_mu_elf_gauntlet, sprint_mu_hive_nellie,
          sprint_mu_lair_fedhas, sprint_mu_vaults_butterflies,
          sprint_mu_slime_circle, sprint_mu_shoals_archi,
          sprint_mu_snake_twists, sprint_mu_blade_basic, sprint_mu_crypt_lich,
          sprint_mu_tomb_spiral, sprint_mu_vestibule_basic,
          sprint_mu_gehenna_hellfire, sprint_mu_dis_giant,
          sprint_mu_tartarus_statrot, sprint_mu_cocytus_islands, sprint_mu_zot1]

Skill      XL: |  1  2  3  4  5  6  7  8  9 |
---------------+----------------------------+-----
Long Blades    | 1 3 5 6 7 |  7.6
Axes           | 1 3 5 6 7 |  7.6
Maces & Flails | 1 3 5 6 7 |  7.6
Polearms       | 1 3 5 6 7 |  7.6
Staves         | 1 3 5 6 7 |  7.6
Ranged Weapons | 1 3 5 6 7 |  7.6
Armour         | 1 3 5 6 7 |  7.6
Dodging        | 3 4 6 8 |  8.1
Stealth        | 8 9 10 | 10.9
Shields        | 1 3 5 6 7 |  7.6
Unarmed Combat | 1 3 5 6 7 |  7.6
Spellcasting   | 1 3 5 6 7 |  7.6
Conjurations   | 1 2 3 4 5 6 |  6.3
Hexes          | 1 2 3 4 5 6 |  6.3
Summonings     | 1 2 3 4 5 6 |  6.3
Necromancy     | 1 2 3 4 5 6 |  6.3
Translocations | 1 2 3 4 5 6 |  6.3
Transmutations | 1 2 3 4 5 6 |  6.3
Fire Magic     | 1 2 3 4 5 6 |  6.3
Ice Magic      | 1 2 3 4 5 6 |  6.3
Air Magic      | 1 2 3 4 5 6 |  6.3
Earth Magic    | 1 2 3 4 5 6 |  6.3
Poison Magic   | 1 2 3 4 5 6 |  6.3
Invocations    | 2 3 4 6 8 |  8.3
Evocations     | 1 3 5 6 7 |  7.6
Fighting       | 5 7 8 9 |  9.0
Short Blades   | 5 7 8 9 |  9.0
Throwing       | 5 7 8 9 |  9.0

Action                     |  1- 3 |  4- 6 |  7- 9 || total
---------------------------+-------+-------+-------++-------
  Melee: Dagger            |    16 |    13 |    40 ||    69
         Bite              |     2 |     1 |    11 ||    14
         Punch             |     1 |       |     2 ||     3
         Long sword        |       |       |    34 ||    34
  Throw: Dart              |     7 |       |     4 ||    11
 Invoke: Potion Petition   |       |       |     1 ||     1
    Use: Potion            |       |     1 |     6 ||     7
   Stab: Sleeping          |     3 |     1 |     4 ||     8
 Armour: Robe              |     2 |     1 |     9 ||    12
  Dodge: Dodged            |     4 |     5 |    25 ||    34

Table legend: (Time is in decaauts)
 A = Elapsed time spent in this place.
 B = Non-inter-level travel time spent in this place.
 C = Inter-level travel time spent in this place.
 D = Time resting spent in this place.
 E = Time spent auto-exploring this place.
 F = Levels seen in this place.
 G = Mean time per level.
                   A        B        C        D        E       F      G
               +--------+--------+--------+--------+--------+-----+--------+
         Total |   2299 |   2299 |      0 |   1839 |     61 |   1 | 2299.0 |
       Dungeon |   2299 |   2299 |      0 |   1839 |     61 |   1 | 2299.0 |
               +--------+--------+--------+--------+--------+-----+--------+

Top non-repeatable levels by time:
       D: 2299 daAuts
